 Dungeon Sprint DCSS version 0.14-a0-770-g009d3a2 (webtiles) character file.

9821 Bloax the Tortoise (level 11, -25/72 HPs)
             Began as a Formicid Fighter on Nov 9, 2013.
             Was the Champion of Cheibriados.
             Killed by an indirect mummy death curse (35 damage)
             ... in the Dungeon (Sprint V: "Ziggurat Sprint").
             The game lasted 00:07:40 (382 turns).

Bloax the Tortoise (Formicid Fighter)                Turns: 382, Time: 00:07:40

HP -25/72        AC 33     Str 52      XL: 11   Next: 81%
MP  11/22        EV 10     Int 22      God: Cheibriados [******]
Gold 0           SH 41     Dex 28      Spells:  2 memorised, 17 levels left

Res.Fire  : . . .   See Invis. : .   E - +12,+16 plutonium sword {Contam Stlth-}
Res.Cold  : . . .   Warding    : .   k - +5 crystal plate armour
Life Prot.: + . .   Conserve   : .   D - +6 shield of the gong {rElec rN+ MR+}
Res.Poison: x       Res.Corr.  : .   (helmet restricted)
Res.Elec. : +       Clarity    : .   (no cloak)
Sust.Abil.: . .     Spirit.Shd : .   I - +2 pair of fencer's gloves {EV+3 Dex+3 Acc+8}
Res.Mut.  : .       Stasis     : +   (no boots)
Res.Rott. : .       Flight     : .   F - cursed amulet of faith {!P}
Saprovore : . . .                    A - +6 ring of strength
                                     z - +6 ring of strength

@: very slow, very resistant to hostile enchantments, extremely unstealthy
A: permanent stasis, dig shafts and tunnels, four strong arms, poison weakness,
antennae 2, deterioration 2, -10% mp, exoskeleton 1
a: Dig, Bend Time, Temporal Distortion, Slouch, Step From Time, Renounce
Religion


You were in the Dungeon.
You worshipped Cheibriados.
Cheibriados was exalted by your worship.
You were not hungry.

You visited 1 branch


Innate Abilities, Weirdness & Mutations

Your are under a permanent stasis effect.
You can dig through walls and to a lower floor.
Your four strong arms can wield any weapon, most with a shield.
You are susceptible to poison.
You have a pair of antennae on your head.
Your body is surrounded by an exoskeleton. (HP +5, AC +1)
Your body is deteriorating.
Your magical capacity is low (-10% MP).


   Skills:
 - Level 8.1 Fighting
 + Level 14.5 Long Blades
 + Level 15.2 Armour
 - Level 11.3 Shields
 - Level 6.3 Spellcasting
 - Level 8.2 Charms
 - Level 3.9 Necromancy
 - Level 12.0 Invocations
 + Level 3.3 Evocations


You had 17 spell levels left.
You knew the following spells:

 Your Spells              Type           Power        Failure   Level  Hunger
a - Regeneration          Chrm/Necr      ####......   24%         3    ##.....
b - Song of Slaying       Chrm           #####...     6%          2    None


Dungeon Overview and Level Annotations

Branches:
Dungeon (1/1)

Altars:
Ashenzari
Cheibriados
Elyvilon
Fedhas
Kikubaaqudgha
Makhleb
Nemelex Xobeh
Okawaru
Sif Muna
Trog
Vehumet
Xom
Yredelemnul
Zin
the Shining One
Beogh
Jiyva
Lugonu

Inventory:

Hand weapons
 C - the +6,+6 dark maul {crush}
   (You found it in the Dungeon)

   It inflicts extra damage upon your enemies.
 E - the +12,+16 plutonium sword (weapon) {Contam Stlth-}
   (You found it in the Dungeon)

   It causes magical contamination when unequipped.
   It makes you less stealthy.
Armour
 k - a +5 crystal plate armour (worn)
   (You found it in the Dungeon)
 D - the +6 shield of the gong (worn) {rElec rN+ MR+}
   (You found it in the Dungeon)

   It insulates you from electricity.
   It protects you from negative energy.
   It affects your resistance to hostile enchantments.
 I - the +2 pair of fencer's gloves (worn) {EV+3 Dex+3 Acc+8}
   (You found it in the Dungeon)

   It affects your evasion (+3).
   It affects your dexterity (+3).
   It affects your accuracy (+8).
Magical devices
 v - a wand of disintegration (7)
   (You found it in the Dungeon)
 w - a wand of fire (2)
   (You found it in the Dungeon)
 x - a wand of cold (4)
   (You found it in the Dungeon)
 y - a wand of draining (3)
   (You found it in the Dungeon)
Comestibles
 d - 5 bread rations
 r - 42 strawberries
 s - 4 meat rations
Scrolls
 m - 4 scrolls of amnesia
 n - 3 scrolls of recharging
 o - 8 scrolls of fog
 p - 5 scrolls of identify
 q - 5 scrolls of remove curse
 t - 2 scrolls of fear
 u - a scroll of holy word
 G - 4 scrolls of enchant armour
Jewellery
 z - a +6 ring of strength (left hand)
   (You found it in the Dungeon)
 A - a +6 ring of strength (right hand)
   (You found it in the Dungeon)
 F - a cursed amulet of faith (around neck) {!P}
   (You found it in the Dungeon)
 J - the ring "Doxeit" {+Inv Str+2 Int-1}
   (You found it in the Dungeon)

   [ring of invisibility]

   It affects your strength (+2).
   It affects your intelligence (-1).
Potions
 a - 2 potions of brilliance
 b - 2 potions of invisibility
 c - 2 potions of restore abilities
 e - 9 potions of curing
 f - 3 potions of heal wounds
 g - 4 potions of resistance
 h - 7 potions of magic
 j - 5 potions of agility
 l - 5 potions of might
Books
 B - a tome of Destruction {!d}
   (You found it in the Dungeon)
 H - Sif Muna's Reference Book on Earthen Protection
   (You found it in the Dungeon)

   Spells                             Type                      Level
   Sandblast                          Earth                        1
   *Song of Slaying                   Charms                       2
   *Regeneration                      Charms/Necromancy            3
   Spectral Weapon                    Hexes/Charms                 3
   Passwall                           Transmutation/Earth          3
   Haste                              Charms                       6
Miscellaneous
 i - a crystal ball of energy
   (You found it in the Dungeon)
 K - a phial of floods
   (You found it in the Dungeon)
 L - a lamp of fire (inert)
   (You found it in the Dungeon)
 M - a phial of floods (inert)
   (You found it in the Dungeon)

}}[ #..[.)})..#
...[.:...#..).).:..#
#.........#...).)...#
#.........#......)..#
#.........#.........#
#..M44....#.........#
#.z4MMMz..#.#.....#.#
#.#MWM|.#.#....(....#
#.z4.@pW..###########
###########


{{{{{ {{{ {{{ You could see 2 greater mummies, a mummy priest, an iron devil, a
freezing wraith, a spectral rat, a blue devil, a red devil, a rotting devil, a
shadow, a flying skull, 3 mummies, an adder simulacrum and an adder zombie.


Message History

GONNNNG!
It hits you but does no damage. It bites you but does no damage.
Unknown command.
You barely miss the greater mummy.
The greater mummy is moderately damaged.
The shadow slips into darkness!
Deactivating autopickup; reactivate with Ctrl-A.
You block the greater mummy's attack.
SHROANNG!
You block the spectral rat's attack.
GONNNNG!
The greater mummy casts a spell at you. Something smites you!
* * * LOW HITPOINT WARNING * * *
It hits you but does no damage. It hits you!
* * * LOW HITPOINT WARNING * * *
It bites you but does no damage. The red devil barely misses you.
The shadow strikes at you from the darkness!
* * * LOW HITPOINT WARNING * * *
Reactivating autopickup.
The greater mummy mumbles some strange words.
You block the spectral rat's attack.
GONNNNG!
Unknown command.
Mutagenic energy flows through the plutonium sword!
You carve the greater mummy like a ham!!!
The greater mummy is severely damaged.
You block its attack.
GONNNNG!
It hits you but does no damage. It bites you but does no damage.
You block the red devil's attack.
PANG!
You block the shadow's attack.
GONNNNG!
The greater mummy gestures wildly while chanting.
The spectral rat barely misses you. The greater mummy casts a spell at you.
Something smites you!
* * * LOW HITPOINT WARNING * * *
You block its attack.
SHROANNG!
Unknown command.
Drink which item? (? for menu, Esc to quit)
You feel much better. It hits you but does no damage. It bites you.
* * * LOW HITPOINT WARNING * * *
You block the greater mummy's attack.
GONNNNG!
The red devil closely misses you. You block the shadow's attack.
BOUMMMMG!
You block the spectral rat's attack.
SHROANNG!
The greater mummy calls on the powers of darkness!
Your body is wracked with pain!
* * * LOW HITPOINT WARNING * * *
It hits you.
* * * LOW HITPOINT WARNING * * *
Unknown command.
Unknown command.
Evoke which item? (* to show all) (? for menu, Esc to quit)
Zapping:
w - a wand of fire (2)
The bolt of fire hits the greater mummy.
The greater mummy is severely damaged.
The bolt of fire hits the greater mummy.
The greater mummy is lightly damaged.
The bolt of fire hits the mummy priest.
You destroy the mummy priest!
Cheibriados appreciates the change of pace.
You feel extremely nervous for a moment...
You convulse helplessly as pain tears through your body!
You die...

Action                   |  1- 3 |  4- 6 |  7- 9 | 10-12 || total
-------------------------+-------+-------+-------+-------++-------
Melee: Triple sword      |     5 |     4 |    35 |    34 ||    78
Invok: Temporal Distorti |       |       |     1 |     4 ||     5
       Slouch            |       |       |       |     4 ||     4
Evoke: Wand              |       |       |     2 |     4 ||     6
       Miscellaneous     |       |       |       |     2 ||     2
  Use: Potion            |       |     1 |     2 |     6 ||     9

Vault maps used:
D:        sprint_v

Notes
Turn   | Place    | Note
--------------------------------------------------------------
     0 | D        | Bloax, the Formicid Fighter, began the quest for the Orb.
     0 | D        | Reached XP level 1. HP: 19/19 MP: 0/0
     0 | D        | Found an ancient bone altar of Kikubaaqudgha.
     1 | D        | Found an iron altar of Okawaru.
     1 | D        | Found a basalt altar of Yredelemnul.
    40 | D        | Became a worshipper of Cheibriados the Contemplative
    43 | D        | Found a radiant altar of Vehumet.
    44 | D        | Found a burning altar of Makhleb.
    45 | D        | Found a white marble altar of Elyvilon.
    47 | D        | Found a deep blue altar of Sif Muna.
    47 | D        | Found a sparkling altar of Nemelex Xobeh.
    54 | D        | Found a bloodstained altar of Trog.
    72 | D        | Found a shimmering altar of Xom.
    80 | D        | Entered arena 1.
    80 | D        | Noticed an insubstantial wisp
    80 | D        | Noticed an air elemental
    85 | D        | Killed an air elemental
    85 | D        | Reached skill level 7 in Fighting
    85 | D        | Reached skill level 7 in Long Blades
    85 | D        | Reached XP level 2. HP: 14/25 MP: 1/1
    85 | D        | Reached XP level 3. HP: 16/29 MP: 2/2
    85 | D        | Reached XP level 4. HP: 19/35 MP: 3/3
    85 | D        | Reached XP level 5. HP: 21/40 MP: 4/4
    86 | D        | Reached skill level 12 in Invocations
    86 | D        | Reached XP level 6. HP: 20/45 MP: 1/17
    89 | D        | Killed an insubstantial wisp
    89 | D        | Acquired Cheibriados' first power
    89 | D        | Reached skill level 8 in Fighting
   130 | D        | Entered arena 2.
   130 | D        | Noticed a naga
   134 | D        | Killed a naga
   134 | D        | Reached skill level 8 in Long Blades
   134 | D        | Reached skill level 4 in Armour
   134 | D        | Reached XP level 7. HP: 26/51 MP: 11/19
   145 | D        | Entered arena 3.
   145 | D        | Noticed a jelly
   145 | D        | Noticed a jelly
   145 | D        | Noticed a golden eye
   146 | D        | Killed a golden eye
   146 | D        | Reached skill level 5 in Armour
   146 | D        | Reached skill level 4 in Shields
   149 | D        | Killed a jelly
   149 | D        | Acquired Cheibriados' second power
   151 | D        | Killed a jelly
   151 | D        | Reached skill level 6 in Armour
   151 | D        | Reached skill level 5 in Shields
   158 | D        | Entered arena 4.
   158 | D        | Noticed a green ugly thing
   158 | D        | Noticed a wyvern
   158 | D        | Noticed a dwarf
   158 | D        | Noticed an octopode
   160 | D        | Noticed a shapeshifter
   160 | D        | an octopode changed into a shapeshifter
   160 | D        | Killed a shapeshifter
   160 | D        | Reached skill level 9 in Long Blades
   160 | D        | Reached skill level 7 in Armour
   160 | D        | Gained mutation: You have a pair of antennae on your head. [level up]
   160 | D        | Reached XP level 8. HP: 34/57 MP: 17/21
   164 | D        | Killed a green ugly thing
   164 | D        | Acquired Cheibriados' third power
   164 | D        | Reached skill level 6 in Shields
   166 | D        | a wyvern changed into a deep dwarf
   167 | D        | Killed a dwarf
   167 | D        | Reached skill level 8 in Armour
   168 | D        | Reached skill level 10 in Long Blades
   168 | D        | Reached skill level 7 in Shields
   174 | D        | Entered arena 5.
   174 | D        | Noticed a naga
   174 | D        | Noticed a naga
   180 | D        | Killed a naga
   183 | D        | Killed a naga
   183 | D        | Acquired Cheibriados' fourth power
   183 | D        | Reached skill level 9 in Armour
   198 | D        | Entered arena 6.
   198 | D        | Noticed a golden eye
   198 | D        | Noticed a jelly
   198 | D        | Noticed a shining eye
   198 | D        | Noticed a golden eye
   198 | D        | Gained mutation: Your body is slowly deteriorating. [a shining eye]
   199 | D        | Killed a golden eye
   199 | D        | Reached XP level 9. HP: 40/61 MP: 22/22
   199 | D        | Killed a golden eye
   199 | D        | Reached skill level 8 in Shields
   200 | D        | Gained mutation: Your body is deteriorating. [a shining eye]
   201 | D        | Gained mutation: Your magical capacity is low (-10% MP). [a shining eye]
   202 | D        | Killed a shining eye
   202 | D        | Reached skill level 11 in Long Blades
   202 | D        | Reached skill level 10 in Armour
   204 | D        | Killed a jelly
   204 | D        | Reached skill level 9 in Shields
   213 | D        | Entered arena 7.
   213 | D        | Noticed a wolf
   213 | D        | Noticed a spriggan
   213 | D        | Noticed a spriggan druid
   213 | D        | Noticed a spriggan rider
   213 | D        | Noticed a spriggan
   213 | D        | Noticed a wolf
   214 | D        | Killed a spriggan
   214 | D        | Reached skill level 11 in Armour
   214 | D        | Killed a spriggan druid
   214 | D        | Reached skill level 12 in Long Blades
   214 | D        | Reached skill level 12 in Armour
   214 | D        | Reached skill level 10 in Shields
   214 | D        | Reached XP level 10. HP: 35/67 MP: 21/21
   214 | D        | Killed a wolf
   214 | D        | Killed a spriggan
   214 | D        | Killed a wolf
   219 | D        | Killed a spriggan rider
   219 | D        | Killed a giant firefly
   219 | D        | Reached skill level 13 in Long Blades
   219 | D        | Reached skill level 13 in Armour
   219 | D        | Reached skill level 11 in Shields
   231 | D        | Identified Sif Muna's Reference Book on Earthen Protection
   251 | D        | Learned a level 3 spell: Regeneration
   254 | D        | Learned a level 2 spell: Song of Slaying
   269 | D        | Bloax: such boredom
   269 | D        | Entered arena 8.
   269 | D        | Noticed a yak
   269 | D        | Noticed an iguana
   269 | D        | Noticed a wolf
   270 | D        | Killed an iguana
   270 | D        | Killed a wolf
   270 | D        | Reached skill level 1 in Spellcasting
   270 | D        | Reached skill level 1 in Charms
   272 | D        | Killed a yak
   272 | D        | Reached skill level 2 in Spellcasting
   272 | D        | Reached skill level 2 in Charms
   280 | D        | Entered arena 9.
   280 | D        | Noticed a giant amoeba
   280 | D        | Noticed a vault guard
   280 | D        | Noticed a vault guard
   280 | D        | Noticed a stone giant
   280 | D        | Noticed a queen bee
   280 | D        | a queen bee changed into an eye of draining
   283 | D        | Killed a giant amoeba
   283 | D        | Reached skill level 3 in Spellcasting
   283 | D        | Reached skill level 3 in Charms
   287 | D        | 4tharraofdagon: i see black future for formicids
   288 | D        | Killed a stone giant
   288 | D        | Reached skill level 4 in Spellcasting
   288 | D        | Reached skill level 5 in Charms
   288 | D        | Reached XP level 11. HP: 37/72 MP: 15/22
   289 | D        | Killed a vault guard
   289 | D        | Reached skill level 14 in Armour
   289 | D        | Reached skill level 5 in Spellcasting
   289 | D        | Reached skill level 6 in Charms
   291 | D        | Noticed a catoblepas
   291 | D        | a vault guard changed into a catoblepas
   291 | D        | HP: 15/72 [merfolk (shapeshifter)/+7,+11 quarterstaff (12)]
   305 | D        | Killed a catoblepas
   305 | D        | Reached skill level 6 in Spellcasting
   322 | D        | Bloax: Hm?
   329 | D        | Got the ring "Doxeit" {+Inv Str+2 Int-1}
   335 | D        | 4tharraofdagon: they are worst race to play right next to felid
   335 | D        | Entered arena 10.
   335 | D        | Noticed a deep elf fighter
   335 | D        | Noticed a deep elf knight
   335 | D        | Noticed a deep elf conjurer
   335 | D        | Noticed a deep elf conjurer
   335 | D        | Noticed a deep elf mage
   335 | D        | Noticed a deep elf summoner
   337 | D        | Killed a deep elf summoner
   337 | D        | Reached skill level 7 in Charms
   337 | D        | Reached skill level 1 in Necromancy
   337 | D        | Killed a deep elf conjurer
   337 | D        | Reached skill level 14 in Long Blades
   337 | D        | Reached skill level 2 in Necromancy
   337 | D        | Killed a deep elf fighter
   337 | D        | Killed a deep elf mage
   338 | D        | Killed a deep elf conjurer
   338 | D        | Reached skill level 3 in Necromancy
   344 | D        | Killed a deep elf knight
   344 | D        | Reached skill level 8 in Charms
   366 | D        | Entered arena 11.
   366 | D        | Noticed a mummy priest
   366 | D        | Noticed a greater mummy
   366 | D        | Noticed a guardian mummy
   366 | D        | Noticed a guardian mummy
   366 | D        | Noticed a greater mummy
   366 | D        | Noticed a guardian mummy
   369 | D        | Noticed a mummy priest
   370 | D        | Killed a guardian mummy
   370 | D        | Reached skill level 15 in Armour
   370 | D        | Reached skill level 1 in Evocations
   370 | D        | HP: 16/72 [greater mummy/+1,+3 elven short sword of venom (10)]
   373 | D        | Killed a guardian mummy
   373 | D        | Reached skill level 2 in Evocations
   375 | D        | Killed a guardian mummy
   375 | D        | Reached skill level 3 in Evocations
   375 | D        | HP: 17/72 [greater mummy/divine providence (15)]
   380 | D        | HP: 2/72 [greater mummy/divine providence (9)]
   382 | D        | Killed a mummy priest
   382 | D        | Killed by an indirect mummy death curse

Vanquished Creatures
  A stone giant (D)
  A vault guard (D)
  A spriggan druid (D)
  A catoblepas (D)
  A deep elf knight (D)
  A giant amoeba (D)
  2 deep elf conjurers (D)
  A shining eye (D)
  A deep elf summoner (D)
  A giant firefly (D)
  3 guardian mummies (D)
  3 spriggans (D)
  A boulder beetle (shapeshifter) (D)
  A shapeshifter (D)
  An ugly thing (D)
  A deep elf mage (D)
  An air elemental (D)
  A yak (D)
  3 wolves (D)
  A deep elf fighter (D)
  3 nagas (D)
  3 golden eyes (D)
  A dwarf (shapeshifter) (D)
  A deep dwarf (shapeshifter) (D)
  An insubstantial wisp (D)
  3 jellies (D)
  An iguana (D)
  2 mummies (D)
  An adder (D)
  2 green rats (D)
  4 ball pythons (D)
  2 jackals (D)
  An ooze (D)
  2 giant eyeballs (D)
  A giant newt zombie (D)
  A kobold skeleton (D)
  2 fungi (D)
58 creatures vanquished.

Vanquished Creatures (others)
  A quokka skeleton (D)
  A fungus (D)
2 creatures vanquished.

Grand Total: 60 creatures vanquished
